 Dungeon Crawl Stone Soup version 0.31.0-11-ge490571c62 (webtiles) character file.

Game seed: 2961966397553117262

571 qw the Ducker (level 7, -1/35 HPs)
             Began as a Spriggan Hunter on Feb 4, 2024.
             Killed from afar by an orc wizard (10 damage)
             ... with a puff of flame
             ... on level 4 of the Dungeon.
             The game lasted 00:00:32 (2969 turns).

qw the Ducker (Spriggan Hunter)                     Turns: 2969, Time: 00:00:32

Health: -1/35      AC:  2    Str:  7    XL:     7   Next: 12%
Magic:  8/8        EV: 23    Int: 11    God:
Gold:   55         SH:  0    Dex: 24    Spells: 6/6 levels left

rFire   . . .        a - +0 shortbow
rCold   . . .        (shield currently unavailable)
rNeg    . . .        c - +0 robe
rPois   .            (helmet restricted)
rElec   .            (no cloak)
rCorr   .            (gloves unavailable)
SInv    +            (boots unavailable)
Will    ++...        (no amulet)
Stlth   ++           g - ring of willpower
HPRegen 0.25/turn    h - ring of Birdsong {Dex+4 SInv}
MPRegen 0.11/turn

%: no passive effects
@: very quick
A: very small, no large weapons, unfitting armour, see invisible, speed 3
a: no special abilities


You were on level 4 of the Dungeon.
You visited 1 branch of the dungeon, and saw 4 of its levels.

You collected 83 gold pieces.
You spent 28 gold pieces at shops.


Innate Abilities, Weirdness & Mutations

You are very small and have problems with some larger weapons.
You are too small for most types of armour.
You have supernaturally acute eyesight. (SInv)
You cover ground extremely quickly. (Speed+++)


   Skills:
 - Level 2.2 Fighting
 + Level 6.7 Ranged Weapons
 - Level 7.0 Dodging
 - Level 1.5 Stealth


You had 6 spell levels left.
You didn't know any spells.
Your spell library was empty.

Inventory:

Hand Weapons
 a - a +0 shortbow (weapon)
Armour
 c - a +0 robe (worn)
Jewellery
 g - a ring of willpower (left hand)
 h - the ring of Birdsong (right hand) {Dex+4 SInv}
   (You found it on level 3 of the Dungeon)

   [ring of see invisible]

   Dex+4:     It affects your dexterity (+4).
   SInv:      It lets you see invisible.
Scrolls
 b - 2 scrolls of teleportation
Potions
 d - a potion of enlightenment
 f - a potion of cancellation
 i - a potion of magic {unknown}

Dungeon Overview and Level Annotations

Branches:
Dungeon (4/15)
 Temple: D:4-7

Altars:

Shops:
D:2 ?


Message History

You shoot an arrow. The orc wizard shouts!
The orc shouts!
The arrow hits the orc wizard!
You kill the orc wizard!
You shoot an arrow. The arrow hits the orc.
The orc is lightly wounded.
You shoot an arrow. The arrow hits the orc.
The orc is heavily wounded.
The orc throws a stone.
The stone misses you.
You shoot an arrow. The arrow hits the orc.
You kill the orc!
You shoot an arrow. The arrow barely misses the orc wizard.
You shoot an arrow. The arrow barely misses the orc wizard.
You shoot an arrow. The arrow hits the orc wizard.
The orc wizard is lightly wounded.
The orc hits you with a +0 short sword. The orc wizard closely misses you.
You shoot an arrow. The arrow hits the orc wizard.
The orc wizard is heavily wounded.
The orc closely misses you.
The orc wizard hits you with a +3 dagger.
The orc wizard closely misses you. The orc hits you with a +0 short sword.
You shoot an arrow.
The arrow hits the orc wizard but does no damage.
The orc wizard is heavily wounded.
The orc wizard misses you. The orc hits you with a +0 short sword.
You shoot an arrow.
The arrow closely misses the orc wizard.
The orc completely misses you. The orc wizard closely misses you.
You shoot an arrow. The arrow hits the orc wizard.
The orc wizard is almost dead.
The orc wizard casts a spell at you. The magic dart hits you.
The orc misses you.
You shoot an arrow. The arrow barely misses the orc wizard.
The orc wizard casts a spell at you. The puff of flame hits you!
The orc misses you.
You shoot an arrow.
The arrow closely misses the orc wizard.
The orc wizard points at you and mumbles some strange words.
The puff of flame hits you!
You die...

#.......# .[
###.#.###
....##...#####
#............#
>...###.####.#
... #.# ####)#
#.##....#
....?...@#
##.....oo#
###......
#..#.)##
#..#).#
#......
...#..# ##
....


You could see an orc wizard and an orc.

Vanquished Creatures
  Grinder (D:3)
  A black bear (D:4)
  An orc priest (D:2)
  An iguana (D:4)
  2 orc wizards
  A sleepcap (D:4)
  Natasha (D:2)
  Terence (D:2)
  2 adders
  2 dart slugs (D:3)
  10 orcs
  7 bats
  5 endoplasms
  2 giant cockroaches (D:1)
  4 goblins
  9 hobgoblins
  3 jackals (D:3)
  A quokka (D:3)
  12 ball pythons
  3 frilled lizards
  7 kobolds
  7 rats
83 creatures vanquished.

Notes
Turn   | Place    | Note
-------+----------+-------------------------------------------
     0 | D:1      | qw the Spriggan Hunter began the quest for the Orb.
     0 | D:1      | Reached XP level 1. HP: 10/10 MP: 2/2
     0 | D:1      | 0 ||| qw: Version: 0.3-a-160-g6735b56
     0 | D:1      | 0 ||| qw: Game counter: 5866
     0 | D:1      | 0 ||| qw: Melee chars always use a shield: true
     0 | D:1      | 0 ||| qw: God list: Okawaru
     0 | D:1      | 0 ||| qw: Allow faded altars: false
     0 | D:1      | 0 ||| qw: Do Orc after clearing Dungeon:15 true
     0 | D:1      | 0 ||| qw: Do second Lair branch before Depths: true
     0 | D:1      | 0 ||| qw: Lair rune preference: random
     0 | D:1      | 0 ||| qw: Goals: Normal
     0 | D:1      | 0 ||| PLANNING D:1-11
    28 | D:1      | Reached skill level 3 in Dodging
    45 | D:1      | Found a faded altar of an unknown god.
    90 | D:1      | Reached XP level 2. HP: 14/14 MP: 3/3
   129 | D:1      | Reached skill level 4 in Dodging
   296 | D:1      | Reached XP level 3. HP: 18/18 MP: 4/4
   455 | D:1      | 455 ||| UPGRADING to ring of willpower.
   456 | D:1      | 456 ||| READING scroll labelled ROONAI DOLA.
   557 | D:1      | 557 ||| READING 3 scrolls labelled POGENU XIQAIWK.
   558 | D:1      | 558 ||| READING scroll labelled KUR XIDEEZE.
   558 | D:1      | 558 ||| IDENTIFYING fuming emerald potion
   559 | D:1      | 559 ||| DROPPING scroll of butterflies.
   560 | D:1      | 560 ||| DROPPING 2 scrolls of immolation.
   561 | D:1      | 561 ||| DROPPING potion of brilliance.
   721 | D:2      | Found Bawnill's Magic Scroll Boutique.
   733 | D:2      | 733 ||| SHOPLISTING scroll of brand weapon (133 gold, have
                  | 40).
   733 | D:2      | 733 ||| BUYING scroll of identify (28 gold).
   733 | D:2      | Bought a scroll of identify for 28 gold pieces
   733 | D:2      | 733 ||| SHOPLISTING scroll of teleportation (42 gold, have
                  | 12).
   755 | D:2      | Noticed Natasha
   760 | D:2      | Killed Natasha
   862 | D:2      | Noticed Terence
   868 | D:2      | Killed Terence
   869 | D:2      | Reached XP level 4. HP: 22/22 MP: 5/5
  1512 | D:2      | 1512 ||| READING 2 scrolls of identify.
  1512 | D:2      | 1512 ||| IDENTIFYING amethyst potion
  1513 | D:2      | 1513 ||| READING scroll of identify.
  1513 | D:2      | 1513 ||| IDENTIFYING black potion
  1514 | D:2      | 1514 ||| READING scroll labelled LOPSYELLUEMIC.
  1658 | D:3      | 1658 ||| STAIRDANCE
  1705 | D:3      | 1705 ||| STAIRDANCE
  1711 | D:2      | Reached skill level 5 in Dodging
  1747 | D:3      | 1747 ||| STAIRDANCE
  1752 | D:2      | HP: 4/22 [orc/+0 club (3)]
  1832 | D:3      | 1832 ||| STAIRDANCE
  1841 | D:2      | Reached XP level 5. HP: 17/26 MP: 6/6
  1877 | D:3      | 1877 ||| STAIRDANCE
  1882 | D:3      | 1882 ||| STAIRDANCE
  1934 | D:3      | Identified the ring of Birdsong {Dex+4 SInv}
  2264 | D:3      | Noticed Grinder
  2283 | D:3      | HP: 2/26 [Grinder/nerve-wracking pain (13)]
  2284 | D:3      | Killed Grinder
  2285 | D:3      | Reached skill level 6 in Ranged Weapons
  2285 | D:3      | Reached XP level 6. HP: 3/30 MP: 7/7
  2658 | D:3      | 2658 ||| UPGRADING to ring of Birdsong {Dex+4 SInv}.
  2659 | D:3      | 2659 ||| READING 3 scrolls labelled WOIM HEUREBLE.
  2662 | D:3      | 2662 ||| READING scroll labelled VAXZAFFOETE.
  2740 | D:4      | Reached skill level 6 in Dodging
  2832 | D:4      | Reached XP level 7. HP: 35/35 MP: 8/8
  2868 | D:4      | Reached skill level 7 in Dodging
  2969 | D:4      | Killed from afar by an orc wizard

Levels and vault maps discovered:
D:1:      dpeg_arrival_pond, layout_rooms,
          chequers_ecumenical_altar_simple_redux, minmay_tromino_i4
D:2:      layout_basic, serial_shops, shop, dk_noncrumbling_4,
          serial_bayou_lagoon_a, hangedman_decor_lopped, minmay_goblin_outpost,
          uniq_natasha, uniq_terence, uniq_crazy_yiuf_cottage
D:3:      layout_loops_ring, uniq_grinder
D:4:      layout_loops_ring, chequers_temple_overflow_minitemple, temple_green,
          nrook_uturn

Skill      XL: |  1  2  3  4  5  6  7 |
---------------+----------------------+-----
Dodging        | 3 4 5 6 7 |  7.0
Ranged Weapons | 5 6 |  6.7
Fighting       | 2 |  2.2
Stealth        | |  1.5

Action                     |  1- 3 |  4- 6 |  7- 9 || total
---------------------------+-------+-------+-------++-------
   Fire: Shortbow          |    78 |   152 |    33 ||   263
    Use: Scroll            |     3 |     5 |       ||     8
 Armour: Robe              |     3 |    18 |    10 ||    31
  Dodge: Dodged            |    11 |    74 |    16 ||   101

Table legend:
 A = Non-vault XP
 B = Vault XP
 C = Vault XP percentage of total XP
 D = Non-vault monster count
 E = Vault monster count
 F = Vault count percentage of total count
                 A         B        C        D         E       F
            +---------+---------+-------+---------+---------+-------
      Total |     453 |     364 |  44.6 |      72 |      11 |  13.3
            +---------+---------+-------+---------+---------+-------
        D:1 |      38 |       5 |  11.6 |      25 |       3 |  10.7
        D:2 |      80 |      82 |  50.6 |      16 |       7 |  30.4
        D:3 |      83 |     277 |  76.9 |      19 |       1 |   5.0
        D:4 |     252 |       0 |   0.0 |      12 |       0 |   0.0
            +---------+---------+-------+---------+---------+-------
